Unix NetHack Version 5.0.0-0 post-release - last build Jul 14 2026 02:55:29 (1809b74e8187c3a3585e283601c3028b46cbbdcb,branch:main).

Game began 2026-07-15 10:05:37, ended 2026-07-15 10:08:31.

GdeVolpiano, chaotic male elven Wizard

                                                             ------
                                                            #...[>|
   -----                                                    #|....-#
   |...|                                       ---------#####------#
   |...|                                       |.......|#          #
   |....####                                ###........|#          #
   |..:|   #           ---------         ####  |........#          #
   |..>|   ############........r@############ d...o....|          ##
   -----               |.......|               |.......|          #
                       |^......|               ---------          #
                       ---------                                 ##
                                                                 #
                                                               ########
                                                                #-----.--
                                                                 |......|
                                                                 |...^.^|
                                                                 +<.....|
                                                                 --------

GdeVolpiano the Evoker    St:10 Dx:9 Co:14 In:20 Wi:13 Ch:9  Chaotic
Dlvl:2  $:26 HP:0(11) Pw:0(9) AC:9  Xp:1 T:465 

Latest messages:
 You finish eating the jackal corpse.
 Heliodore picks up a gold piece.
 $ - a gold piece (20 in total).
 Heliodore drops a gold piece.
 $ - a gold piece (21 in total).
 t - a scroll labeled EIRIS SAZUN IDISI.
 You swap places with Heliodore.
 $ - 5 gold pieces (26 in total).
 You see here a statue of a newt.
 You descend the stairs.
 You climb up the stairs.
 Where do you want to travel to?
 (For instructions type a '?')
 You stop.  Heliodore is in the way!
 You see here a statue of a newt.
 Where do you want to travel to?
 (For instructions type a '?')
 Suddenly, Heliodore falls through a trap door.
 In what direction?
 The spell hits the newt.
 You kill the newt!
 You hear a G note squeak in the distance.
 You see here a newt corpse.
 There is a newt corpse here; eat it? [ynq] (n)
 This newt corpse is fatty.
 You finish eating the newt corpse.
 You feel a mild buzz.
 In what direction?
 The spell misses the sewer rat.
 The sewer rat bites!
 You don't have enough energy to cast that spell.
 You miss the sewer rat.
 The sewer rat bites!
 You don't have enough energy to cast that spell.
 You miss the sewer rat.
 The sewer rat misses!
 You don't have enough energy to cast that spell.
 You miss the sewer rat.
 The sewer rat bites!
 You miss the sewer rat.
 The sewer rat bites!
 You miss the sewer rat.
 The sewer rat bites!
 You hit the sewer rat.
 The sewer rat bites!
 You miss the sewer rat.
 The sewer rat bites!
 You die...
 Do you want your possessions identified? [ynq] (y)
 Do you want to see your attributes? [ynq] (y)

Inventory:
 Coins    ('$')
  $ - 26 gold pieces
 Weapons  (')')
  a - a blessed +1 quarterstaff (weapon in hands)
 Armor    ('[')
  b - an uncursed +0 cloak of magic resistance (being worn)
 Comestibles  ('%')
  s - 2 uncursed cram rations
  p - an uncursed food ration
 Scrolls  ('?')
  k - an uncursed scroll of create monster
  i - a blessed scroll of identify
  j - an uncursed scroll of light
  t - an uncursed scroll of magic mapping
 Spellbooks  ('+')
  l - a blessed spellbook of force bolt
  m - an uncursed spellbook of light
 Potions  ('!')
  f - an uncursed potion of confusion
  g - a blessed potion of healing
  q - 2 uncursed potions of healing
  h - an uncursed potion of levitation
 Rings    ('=')
  e - an uncursed ring of protection from shape changers
  d - an uncursed ring of stealth
 Wands    ('/')
  c - a wand of stasis (0:3)
 Tools    ('(')
  o - an uncursed bugle
  r - an uncursed blindfold
  n - a magic marker (0:20)

GdeVolpiano the Wizard's attributes:

Background:
 You were an Evoker, a level 1 male elven Wizard.
 You were chaotic, on a mission for Anhur
 who was opposed by Ptah (lawful) and Thoth (neutral).
 You were right-handed.
 You were in the Dungeons of Doom, on level 2.
 You entered the dungeon 465 turns ago.
 There was a new moon in effect when your adventure ended.
 You had 14 experience points, 6 more were needed to attain level 2.

Basics:
 You had 0 out of 11 hit points.
 You had 0 out of 9 energy points (spell power).
 Your armor class was 9.
 Your wallet contained 26 zorkmids.
 Autopickup was on for '$?!/="+' plus thrown, with exceptions.

Final Characteristics:
 Your strength was 10 (limit:18).
 Your dexterity was 9 (limit:18).
 Your constitution was 14 (limit:16).
 Your intelligence was 20 (limit:20).
 Your wisdom was 13 (limit:20).
 Your charisma was 9 (limit:18).

Final Status:
 You weren't hungry.
 You were unencumbered.
 You were wielding a quarterstaff.
 You had basic skill with quarterstaff.

Final Attributes:
 You were fervently aligned.
 You were magic-protected.
 You had infravision.
 You were warded.
 You are dead.

Miscellaneous:
 You didn't encounter any bones levels.
 Total elapsed playing time was 2 minutes and 52 seconds.

Major events:
 Turn
    1: GdeVolpiano the chaotic male elven Wizard entered the dungeon
  337: entered the Gnomish Mines
  465: killed by a sewer rat

Spells:
 Name                 Level Category     Fail Retention
 force bolt             1   attack         0%  91%-100%
 light                  1   divination     0%  76%-100%

Skills:
 Fighting Skills
   bare handed combat [Unskilled]
   riding             [Unskilled]
 Weapon Skills
   dagger             [Unskilled]
   knife              [Unskilled]
   axe                [Unskilled]
   short sword        [Unskilled]
   club               [Unskilled]
   mace               [Unskilled]
   quarterstaff       [Basic]
   polearms           [Unskilled]
   spear              [Unskilled]
   trident            [Unskilled]
   sling              [Unskilled]
   dart               [Unskilled]
   shuriken           [Unskilled]
 Spellcasting Skills
   attack spells      [Basic]
   healing spells     [Unskilled]
   divination spells  [Unskilled]
   enchantment spells [Basic]
   clerical spells    [Unskilled]
   escape spells      [Unskilled]
   matter spells      [Unskilled]

Voluntary challenges:
 Character rerolling was not enabled.
 You were an atheist.
 You were illiterate.
 You never genocided any monsters.
 You never polymorphed an object.
 You never changed form.
 You used no wishes.
Achievement:
 You entered the Gnomish Mines.

 The Dungeons of Doom: levels 1 to 3
    Level 1:
       Many fountains.
    Level 2: <- You were here.
       Stairs down to The Gnomish Mines.
       Final resting place for
          you, killed by a sewer rat.
    Level 3:
 The Gnomish Mines:
    Level 3:


Vanquished creatures:
  a jackal
  a fox
  a kobold
  a sewer rat
  a grid bug
  a kobold zombie
  2 newts
8 creatures vanquished.

No species were genocided or became extinct.

Game over:
                       ----------
                      /          \
                     /    REST    \
                    /      IN      \
                   /     PEACE      \
                  /                  \
                  |   GdeVolpiano    |
                  |      26 Au       |
                  |   killed by a    |
                  |    sewer rat     |
                  |                  |
                  |                  |
                  |       2026       |
                 *|     *  *  *      | *
        _________)/\\_//(\/(/\)/\//\/|_)_______

Goodbye GdeVolpiano the Wizard...

You died in The Dungeons of Doom on dungeon level 2 with 180 points,
and 26 pieces of gold, after 465 moves.
You were level 1 with a maximum of 11 hit points when you died.

